 Dungeon Crawl Stone Soup version 0.27.0-1-g7a089689b8 (webtiles) character file.

Game seed: 2822356615124477801

636478 Arex the Slayer (level 26, -9/243 (254) HPs)
             Began as a Green Draconian Monk on Aug 7, 2021.
             Was the Champion of Nemelex Xobeh.
             Killed from afar by a Tzitzimitl (30 damage)
             ... with a bolt of negative energy
             ... summoned by a dread lich
             ... on level 5 of the Realm of Zot on Aug 8, 2021.
             The game lasted 05:05:24 (135324 turns).

Arex the Slayer (Green Draconian Monk)            Turns: 135324, Time: 05:05:24

HP:   -9/243 (254)  AC: 27    Str: 24    XL:     26   Next: 94%
MP:   38/38         EV: 19    Int:  8    God:    Nemelex Xobeh [******]
Gold: 2537          SH: 28    Dex: 13    Spells: 25/25 levels left

rFire    + . .     SeeInvis .   O - +7 demon trident (elec)
rCold    + + .     Faith    .   n - +8 tower shield {reflect}
rNeg     . . .     Spirit   .   (armour unavailable)
rPois    +         Reflect  +   z - +2 hat {Will+}
rElec    +         Harm     .   H - +2 cloak of an ossuary {-Cast +Inv Will+}
rCorr    +         Rampage  .   i - +2 pair of gloves
Will     +++..     NoCast   +   d - +2 pair of boots
Stlth    ++++++....             f - amulet "Eneoq" {RegenMP Fly rCorr Str-3}
HPRegen  0.00/turn              o - ring "Derruuhe" {rC++ AC+4 Stlth+}
MPRegen  0.51/turn              N - ring of protection from fire

@: flying, inhibited regen, studying 3 skills, lightly drained
A: breathe noxious fumes, AC +12, unfitting armour, stinger 1, poison
resistance, cold-blooded, talons 1, clumsy 1, deterioration 1, dopey 1, mutation
resistance 1, electricity resistance, inhibited regeneration, strong 1
}: 4/15 runes: decaying, serpentine, slimy, abyssal
a: Breathe Noxious Fumes, Renounce Religion, Evoke Invisibility, Draw Escape,
Draw Destruction, Draw Summoning, Triple Draw, Deal Four, Stack Five


You were on level 5 of the Realm of Zot.
You worshipped Nemelex Xobeh.
Nemelex Xobeh was exalted by your worship.
You visited 10 branches of the dungeon, and saw 53 of its levels.
You visited the Abyss 1 time.
You visited 1 bazaar.
You also visited: Sewer and Gauntlet.

You collected 8268 gold pieces.
You spent 5731 gold pieces at shops.

Inventory:

Hand Weapons
 O - a +7 demon trident of electrocution (weapon)
 U - the +7 lajatang of Order {silver, rMut}
   (You found it on level 4 of the Dungeon)

   It inflicts extra damage upon those it strikes, and deals substantially
   increased damage to chaotic, mutated and magically transformed beings.
   rMut:      It protects you from mutation.
Armour
 d - a +2 pair of boots (worn)
 i - a +2 pair of gloves (worn)
 n - a +8 tower shield of reflection (worn)
 z - a +2 hat of willpower (worn)
 H - the +2 cloak of an ossuary (worn) {-Cast +Inv Will+}
   (You bought it in a shop on level 3 of the Snake Pit)

   +Inv:      It lets you turn invisible.
   -Cast:     It prevents spellcasting.
   Will:      It increases your willpower.
Jewellery
 f - the amulet "Eneoq" (around neck) {RegenMP Fly rCorr Str-3}
   (You found it in a Gauntlet)

   [amulet of magic regeneration]

   It increases your rate of magic regeneration.
   Str:       It affects your strength (-3).
   Fly:       It grants you flight.
   rCorr:     It protects you from acid and corrosion.
 o - the ring "Derruuhe" (left hand) {rC++ AC+4 Stlth+}
   (You bought it in a shop on level 1 of the Snake Pit)

   [ring of protection]

   AC:        It affects your AC (+4).
   rC:        It greatly protects you from cold.
   Stlth:     It makes you more stealthy.
 p - the ring "Anurur" {rElec rPois Will+ Str+2}
   (You bought it in a shop in a bazaar)

   [ring of willpower]

   Str:       It affects your strength (+2).
   rElec:     It insulates you from electricity.
   rPois:     It protects you from poison.
   Will:      It increases your willpower.
 N - a ring of protection from fire (right hand)
 P - a ring of positive energy
 R - a +4 ring of slaying
 Z - a ring of protection from cold
Wands
 m - a wand of iceblast (8)
 r - a wand of polymorph (20)
 C - a wand of digging (5)
 G - a wand of flame (32)
 Q - a wand of paralysis (40)
 X - a wand of mindburst (14)
Scrolls
 g - 15 scrolls of teleportation
 h - 3 scrolls of identify
 v - 11 scrolls of fog
 A - 5 scrolls of immolation
 B - 2 scrolls of torment
 D - 3 scrolls of vulnerability
 E - 4 scrolls of holy word
 T - 5 scrolls of fear
Potions
 b - 5 potions of mutation
 c - 10 potions of lignification
 e - 6 potions of flight
 j - 15 potions of curing
 q - 4 potions of attraction
 s - 5 potions of cancellation
 t - a potion of heal wounds
 u - 6 potions of invisibility
 F - a potion of berserk rage
 K - 2 potions of resistance
 L - a potion of ambrosia
Miscellaneous
 w - a phantom mirror
 V - a tin of tremorstones (2/2)
 Y - a condenser vane


   Skills:
 + Level 24.2 Fighting
 * Level 18.2 Polearms
 - Level 20.0 Dodging
 - Level 12.4 Stealth
 - Level 15.0 Shields
 - Level 4.2 Unarmed Combat
 + Level 23.7 Invocations
 - Level 15.0 Evocations


You had 25 spell levels left.
You didn't know any spells.
Your spell library contained the following spells:

 Spells                   Type           Power      Damage    Failure   Level
 Animate Skeleton         Necr           0%         N/A       85%         1
 Foxfire                  Conj/Fire      0%         2x1d4     85%         1
 Magic Dart               Conj           0%         1d3       85%         1
 Pain                     Necr           0%         1d4       85%         1
 Blink                    Tloc           N/A        N/A       94%         2
 Searing Ray              Conj           0%         3d3       94%         2
 Slow                     Hex            0%         N/A       94%         2
 Static Discharge         Conj/Air       0%         N/A       94%         2
 Sublimation of Blood     Necr           0%         N/A       94%         2
 Wereblood                Tmut           0%         N/A       94%         2
 Call Canine Familiar     Summ           0%         N/A       99%         3
 Confusing Touch          Hex            0%         N/A       99%         3
 Conjure Flame            Conj/Fire      0%         6-21      99%         3
 Dazzling Flash           Conj/Hex       0%         N/A       99%         3
 Inner Flame              Hex/Fire       0%         N/A       99%         3
 Lesser Beckoning         Tloc           0%         N/A       99%         3
 Ozocubu's Armour         Ice            0%         N/A       99%         3
 Portal Projectile        Hex/Tloc       0%         N/A       99%         3
 Spider Form              Tmut/Pois      0%         N/A       99%         3
 Vampiric Draining        Necr           0%         2d6       99%         3
 Animate Dead             Necr           0%         N/A       100%        4
 Dispel Undead            Necr           0%         3d6       100%        4
 Fulminant Prism          Conj/Hex       0%         3d6       100%        4
 Hailstorm                Conj/Ice       0%         3d3       100%        4
 Iskenderun's Mystic Bla  Conj/Tloc      0%         2d3       100%        4
 Leda's Liquefaction      Hex/Erth       0%         N/A       100%        4
 Passage of Golubria      Tloc           N/A        N/A       100%        4
 Petrify                  Tmut/Erth      0%         N/A       100%        4
 Sticky Flame             Conj/Fire      0%         2d3       100%        4
 Summon Ice Beast         Ice/Summ       0%         N/A       100%        4
 Agony                    Necr           0%         N/A       100%        5
 Blade Hands              Tmut           0%         N/A       100%        5
 Excruciating Wounds      Necr           0%         N/A       100%        5
 Freezing Cloud           Conj/Ice/Air   0%         6-21      100%        5
 Irradiate                Conj/Tmut      0%         3d14      100%        5
 Manifold Assault         Tloc           0%         N/A       100%        5
 Metabolic Englaciation   Hex/Ice        0%         N/A       100%        5
 Silence                  Hex/Air        0%         N/A       100%        5
 Summon Mana Viper        Hex/Summ       0%         N/A       100%        5
 Yara's Violent Unravell  Hex/Tmut       0%         3d3       100%        5
 Conjure Ball Lightning   Conj/Air       0%         3x3d6     100%        6
 Iron Shot                Conj/Erth      0%         9d1       100%        6
 Simulacrum               Ice/Necr       0%         N/A       100%        6
 Starburst                Conj/Fire      0%         8x6d3     100%        6
 Statue Form              Tmut/Erth      0%         N/A       100%        6
 Haunt                    Necr/Summ      0%         N/A       100%        7
 Monstrous Menagerie      Summ           0%         N/A       100%        7
 Orb of Destruction       Conj           0%         N/A       100%        7
 Storm Form               Tmut/Air       0%         N/A       100%        7
 Summon Hydra             Summ           0%         N/A       100%        7
 Borgnjor's Revivificati  Necr           0%         N/A       100%        8
 Discord                  Hex            0%         N/A       100%        8
 Disjunction              Tloc           0%         N/A       100%        8
 Ignition                 Fire           0%         3d3       100%        8
 Infestation              Necr           0%         N/A       100%        8
 Lehudib's Crystal Spear  Conj/Erth      0%         10d2      100%        8
 Necromutation            Tmut/Necr      0%         N/A       100%        8
 Chain Lightning          Conj/Air       0%         N/A       100%        9
 Death's Door             Necr           0%         N/A       100%        9
 Fire Storm               Conj/Fire      0%         5d1       100%        9
 Polar Vortex             Ice            0%         N/A       100%        9
 Animate Armour           Summ/Erth      Unusable   N/A       N/A         4

Dungeon Overview and Level Annotations

Branches:
Dungeon (15/15)            Temple (0/1) D:7            Lair (6/6) D:11
  Swamp (4/4) Lair:4        Snake (4/4) Lair:3        Slime (5/5) Lair:6
    Orc (2/2) D:9             Elf (3/3) Orc:2        Vaults (4/5) D:14
  Crypt (0/3) Vaults:3     Depths (5/5) D:15            Zot (5/5) Depths:5
  Sewer (visited)         Gauntlet (visited)

Altars:
Ashenzari
Cheibriados
Dithmenos
Elyvilon
Fedhas
Gozag
Hepliaklqana
Nemelex Xobeh
Okawaru
Qazlal
Sif Muna
Uskayaw
Vehumet
Wu Jian
Xom
Yredelemnul
The Shining One
Beogh
Jiyva

Shops:
D:8 =   Orc:2 !(*=   Elf:1 *(**!   Elf:3 :   Snake:1 *::=   Snake:2 *=
Snake:3 [   Vaults:4 (   Depths:3 (

Portals:
Hell: Depths:1 Depths:2 Depths:3 Depths:4 Depths:5
Abyss: Depths:4
Pandemonium: Orc:2 Depths:3 Depths:4
Ziggurat: Depths:3

Annotations:
D:12 1 transporter, lukano's ghost, journeyman MiGl
Lair:3 exclusion: oklob plant
Slime:3 exclusions: downstairs and upstairs
Slime:4 exclusion: upstairs
Elf:3 3 runed translucent doors, Ekaitz's ghost, adept MfIE
Depths:3 exclusion: 2 statues


Innate Abilities, Weirdness & Mutations

You can breathe blasts of noxious fumes.
Your lurid green scales are hard. (AC +12)
You cannot fit into any form of body armour.
Your tail ends in a poisonous barb.
Your system is resistant to poisons. (rPois)
You are cold-blooded and may be slowed by cold attacks.
You have sharp toenails.
You are clumsy. (Dex -2)
Your body sometimes deteriorates upon taking damage.
You are dopey. (Int -2)
You are somewhat resistant to further mutation.
You are resistant to electric shocks. (rElec)
You do not regenerate when monsters are visible.
Your muscles are strong. (Str +2)


Message History

There are monsters nearby!
Something tries to affect you, but you resist.
The Tzitzimitl enters a dispersal trap!
The Tzitzimitl blinks!
You blink.
The Tzitzimitl blinks!
You draw a card...
You have drawn Wild Magic.
Fire explodes from out of thin air.
The green death is caught in an explosion of flying shrapnel.
You feel a surge of magic.
You draw a card...
You have drawn the Orb.
Press: ? - help, Shift-Dir - straight line, f - Tzitzimitl
Aim: a Tzitzimitl (summoned)
The wavering orb of destruction weakly hits something!!
The Tzitzimitl gestures at you.
The bolt of negative energy hits something.
The bolt of negative energy misses you.
You hear some strange, mumbled words.
Something tries to affect you, but you resist.
The Tzitzimitl calls on the powers of darkness!
Your body is wracked with pain!
* * * LOW HITPOINT WARNING * * *
The green death gestures at you. The bolt of poison hits you! You resist.
* * * LOW HITPOINT WARNING * * *
Okay, then.
Your orb of destruction hits an unnaturally hard rock wall.
Something touches you but does no damage.
The Tzitzimitl enters a dispersal trap!
The Tzitzimitl blinks!
You blink.
The Tzitzimitl blinks!
The orb of destruction hits the green death!!!!
You blow up the green death!
The Tzitzimitl gestures at you. The bolt of negative energy misses you.
You hear some strange, mumbled words.
The Tzitzimitl gestures at you.
The bolt of negative energy hits the Tzitzimitl.
The Tzitzimitl completely resists.
The bolt of negative energy hits you!!
You feel drained.
You die...
Your body glows with a rainbow of weird colours and disappears.

...##.)).)...........##
#..^....[..........2##
#▓▓▓▓▓▓▓▓▓▓▓##^....▓▓
▓▓▓▓...........1...▓▓
#▓................{..▓▓
................1...^.▓▓
)......................▓
...................^...▓
X.......(..○....@.....▓▓
.....X.^.○°......^...▓▓
....................▓▓
.....................▓*
.................^....▓*
.......................▓
...^.................^.▓
................^.....▓▓
▓▓.^...........,,,,,,**


You could see 2 Tzitzimimeh and a tormentor (summoned).

Vanquished Creatures
  2 dread liches (Zot:5)
  5 ancient liches (Zot:5)
  2 orbs of fire (Zot:5)
  A juggernaut (Depths:4)
  Saint Roka (Depths:5)
  Vashnia (Snake:3)
  3 Killer Klowns
  2 curse toes
  6 golden dragons
  Nikola (Vaults:1)
  A Brimstone Fiend (Zot:5)
  A bone dragon (Abyss:3)
  An iron giant (Zot:5)
  2 electric golems (Zot:5)
  Jorgrun (Snake:3)
  A lich (Depths:5)
  15 Orb Guardians (Zot:5)
  12 tentacled monstrosities
  A quicksilver dragon (Zot:1)
  3 deep elf blademasters (Elf:3)
  2 deep elf master archers (Elf:3)
  Gastronok (D:8)
  6 sphinxes
  Agnes (D:14)
  5 death cobs
  15 acid blobs
  A tentacled starspawn (Abyss:3)
  9 storm dragons
  3 thorn hunters
  6 shadow dragons
  A tengu reaver (Depths:2)
  6 rockslimes
  A fenstrider witch (Swamp:2)
  3 azure jellies
  6 nagarajas
  6 draconian monks
  7 fire giants
  6 draconian scorchers
  6 draconian knights
  7 deep elf sorcerers
  3 ghost moths
  Aizul (Vaults:1)
  3 frost giants
  2 orc warlords
  11 vault wardens
  An emperor scorpion (Vaults:2)
  2 ghouls
  A cacodemon (Depths:4)
  2 draconian stormcallers
  4 draconian annihilators
  4 deep elf elementalists (Elf:3)
  4 draconian shifters
  4 spriggan defenders
  11 very ugly things
  12 stone giants
  A war gargoyle (Vaults:4)
  13 quicksilver oozes
  18 ironbound preservers
  13 black draconians
  2 entropy weavers
  10 green draconians
  5 deep elf demonologists
  7 dire elephants
  17 red draconians
  5 deep elf annihilators (Elf:3)
  7 yellow draconians
  8 spark wasps
  5 purple draconians
  4 bunyips
  5 deep elf death magi
  10 white draconians
  A minotaur (Gauntlet)
  Josephine (Lair:4)
  6 ettins
  A merfolk impaler (Depths:4)
  5 eleionomae
  A blizzard demon (Depths:3)
  2 jiangshi (Abyss:3)
  7 fire dragons
  Harold (D:7)
  A shambling mangrove (Swamp:3)
  12 great orbs of eyes
  3 deep elf high priests
  4 yaktaur captains
  18 vault guards
  4 spriggan air magi
  2 salamander tyrants (Depths:3)
  5 boulder beetles
  10 naga warriors
  6 ironbound thunderhulks
  6 ice dragons
  6 ironbound frosthearts
  4 rakshasas
  4 ogre magi
  2 catoblepae
  8 anacondas
  A peacekeeper (Vaults:4)
  2 ghost crabs (Swamp:3)
  23 hydras
  15 centaur warriors
  15 alligators
  A death knight (D:14)
  13 two-headed ogres
  6 tengu warriors
  41 dancing weapons
  4 death yaks (Lair:6)
  2 deep troll earth magi
  11 deep troll shamans
  3 vampire magi
  6 orc high priests
  A thrashing horror (Abyss:3)
  5 spriggan berserkers
  3 hell hogs (Abyss:3)
  Nergalle (D:12)
  8 ironbound beastmasters
  11 hell knights
  3 soul eaters
  13 deep elf knights
  6 naga sharpshooters
  7 iron trolls
  4 shock serpents
  A wretched star (Abyss:3)
  4 salamander mystics
  7 skeletal warriors (Vaults:3)
  A fire crab (Elf:1)
  A flayed ghost (Depths:4)
  6 goliath frogs
  8 glowing orange brains
  3 sea snakes (Snake:3)
  A gelid demonspawn (Orc:2)
  A torturous demonspawn (Orc:2)
  2 death drakes (Swamp:3)
  56 deep trolls
  7 bog bodies
  5 spriggan druids
  7 naga ritualists
  14 lindwurms
  A phantasmal warrior (Vaults:2)
  23 ironbound convokers
  13 swamp dragons
  11 deep elf archers
  16 wizards
  17 deep elf pyromancers
  28 deep elf zephyrmancers
  9 orc knights
  41 ugly things
  6 mana vipers
  6 orc sorcerers (Orc:2)
  4 necromancers
  8 cyclopes
  A wolf spider (Depths:5)
  5 shining eyes
  4 will-o-the-wisps
  26 salamanders
  A salamander (shapeshifter) (Abyss:3)
  4 manticores
  A shadow dragon skeleton (Vaults:3)
  15 moths of wrath
  2 stone giant skeletons (Vaults:3)
  Maurice (D:12)
  3 water nymphs
  16 vault sentinels
  10 elephants
  12 naga magi
  A rust devil (Depths:4)
  2 black mambas (shapeshifter)
  30 black mambas
  7 eyes of devastation
  2 guardian serpents
  2 gargoyles
  An apocalypse crab (Abyss:3)
  9 cane toads
  2 cane toads (shapeshifter)
  3 smoke demons
  6 unseen horrors
  A kobold demonologist (D:13)
  3 rime drakes
  2 efreet
  3 freezing wraiths
  9 komodo dragons
  20 yaktaurs
  2 ice devils
  3 hellwings
  11 tengu conjurers
  7 human skeletons (Vaults:3)
  2 queen bees
  A yaktaur skeleton (Vaults:3)
  A bloated husk (Swamp:1)
  2 merfolk (Depths:3)
  A jumping spider (Vaults:3)
  A meliai (D:13)
  A jumping spider (shapeshifter) (Lair:6)
  A merfolk (shapeshifter) (Vaults:4)
  2 red devils (Orc:2)
  12 trolls
  A wolf spider simulacrum (Gauntlet)
  5 polar bears
  A polar bear (shapeshifter) (D:13)
  9 tyrant leeches
  20 hornets
  A raiju (Abyss:3)
  105 slime creatures
  21 blink frogs
  A snapping turtle (Depths:5)
  5 small abominations
  A wind drake (Snake:3)
  Sigmund (D:2)
  11 flying skulls (Gauntlet)
  A frost giant simulacrum (Abyss:3)
  An air elemental (Elf:1)
  2 centaur simulacra
  A ynoxinul (Abyss:3)
  2 shadows
  15 spriggans
  5 wraiths
  34 yaks
  2 vampires
  3 redbacks
  5 water elementals
  A wyvern (D:10)
  4 basilisks
  6 fire elementals
  Grum (D:10)
  4 chaos spawn
  A fire bat (Snake:3)
  Eustachio (D:6)
  A basilisk (shapeshifter) (D:13)
  A steam dragon (Lair:5)
  A neqoxec (Abyss:3)
  5 golden eyes
  11 large abominations
  21 vampire mosquitoes
  A warg (Orc:1)
  31 nagas
  13 swamp worms
  2 acid dragons (D:10)
  14 water moccasins
  Duvessa (D:7)
  3 floating eyes
  3 black bears
  40 orc warriors
  An ice beast (D:3)
  2 sky beasts
  9 swamp drakes
  3 hornet zombies
  5 ogres
  4 centaurs
  An ogre (shapeshifter) (Depths:3)
  20 wolves
  7 kobold brigands
  9 bullfrogs
  A gnoll sergeant (D:9)
  3 two-headed ogre simulacra (D:12)
  Dowan (D:7)
  3 earth elementals
  A scorpion (D:5)
  A cane toad simulacrum (Gauntlet)
  21 killer bees
  5 electric eels
  6 howler monkeys
  5 centaur zombies
  5 lava snakes (Snake:4)
  8 starcursed masses (Abyss:3)
  A human simulacrum (Vaults:1)
  2 hounds (D:5)
  3 jellies
  28 orc priests
  2 centaur skeletons
  An iron imp (Abyss:3)
  4 iguanas
  Jessica (D:2)
  18 orc wizards
  Terence (D:2)
  A spriggan simulacrum (D:12)
  2 troll simulacra (D:12)
  A mummy (D:9)
  Robin (D:3)
  2 howler monkey zombies
  7 river rats (Sewer)
  5 adders
  6 gnolls
  2 naga simulacra (D:12)
  A white imp (D:6)
  2 ufetubi
  An adder skeleton (D:4)
  3 worms
  A dart slug (D:4)
  81 orcs
  6 endoplasms
  12 giant cockroaches
  6 hobgoblins
  4 jackals (D:2)
  8 quokkas
  12 ball pythons
  6 bats
  3 frilled lizards
  6 goblins
  41 kobolds
  22 rats
  2 starspawn tentacles (Abyss:3)
2083 creatures vanquished.

Vanquished Creatures (collateral kills)
  An orb of fire (Zot:5)
  A titan (Vaults:3)
  2 Orb Guardians (Zot:5)
  4 acid blobs
  A storm dragon (Zot:2)
  A shadow dragon (Depths:4)
  An azure jelly (Slime:2)
  2 rockslimes (Slime:5)
  A fire giant (Depths:3)
  An iron dragon (Depths:3)
  A frost giant (Depths:3)
  A draconian scorcher (Zot:2)
  2 vault wardens (Vaults:3)
  Louise (D:14)
  A quicksilver ooze (Slime:2)
  A red draconian (Zot:2)
  3 bunyips (Swamp:3)
  A deep elf annihilator (Elf:3)
  A purple draconian (Zot:2)
  A shambling mangrove (Swamp:4)
  A deep elf death mage (Elf:3)
  A great orb of eyes (Depths:4)
  A boulder beetle (D:15)
  An ogre mage (D:15)
  A merfolk avatar (Abyss:3)
  3 anacondas (Snake:4)
  5 two-headed ogres
  A tengu warrior (Depths:4)
  A death yak (Lair:6)
  A shock serpent (Snake:4)
  2 naga sharpshooters (Snake:3)
  A goliath frog (Swamp:3)
  A bog body (Swamp:3)
  A swamp dragon (Swamp:4)
  4 deep elf pyromancers (Elf:1)
  An orc sorcerer (Elf:3)
  A lindwurm (Vaults:3)
  A deep elf zephyrmancer (Elf:1)
  2 mana vipers (Snake:4)
  3 ugly things (Depths:3)
  A naga mage (Snake:4)
  A cyclops (D:10)
  3 black mambas (Snake:4)
  A komodo dragon (shapeshifter) (D:10)
  A freezing wraith (Abyss:3)
  A merfolk (D:12)
  5 slime creatures
  2 blink frogs (Abyss:3)
  7 flying skulls (Gauntlet)
  A centaur simulacrum (Gauntlet)
  A tarantella (Vaults:4)
  A spriggan (Depths:3)
  3 nagas (Snake:4)
  A small abomination (Abyss:3)
  Blork the orc (D:6)
  A wight (D:6)
  3 killer bees
  A starcursed mass (Abyss:3)
  A jelly (Gauntlet)
  An orc (Orc:2)
98 creatures vanquished.

Vanquished Creatures (others)
  A tentacled starspawn (Abyss:3)
  An eldritch tentacle (Abyss:3)
  A fenstrider witch (Swamp:3)
  2 draconian knights (Zot:1)
  A deep troll shaman (Depths:3)
  2 deep elf knights
  4 wizards
  3 deep elf zephyrmancers
  A manticore (D:15)
  2 tengu conjurers (Depths:3)
  A hornet (Swamp:2)
  A blink frog (Lair:5)
  2 spriggans (Swamp:2)
  A large abomination (Abyss:3)
  A swamp worm (Swamp:3)
  A gnoll (D:9)
  A bush (Lair:6)
  22 foxfires
  57 fungi
  53 plants
  2 starspawn tentacles (Abyss:3)
160 creatures vanquished.

Grand Total: 2341 creatures vanquished

Notes
Turn   | Place    | Note
-------+----------+-------------------------------------------
     0 | D:1      | Arex the Draconian Monk began the quest for the Orb.
     0 | D:1      | Reached XP level 1. HP: 19/19 MP: 1/1
   177 | D:1      | Reached XP level 2. HP: 21/26 MP: 2/2
  1115 | D:2      | Noticed Terence
  1125 | D:2      | Reached XP level 3. HP: 33/33 MP: 3/3
  1173 | D:2      | Noticed Sigmund
  1441 | D:2      | Reached skill level 4 in Fighting
  1913 | D:3      | Reached XP level 4. HP: 40/40 MP: 4/4
  2067 | D:3      | Found a sparkling altar of Nemelex Xobeh.
  2391 | D:3      | Noticed an ice beast
  2450 | D:3      | Noticed Robin
  2462 | D:3      | Killed Robin
  2617 | D:3      | Became a worshipper of Nemelex Xobeh the Trickster
  2617 | D:3      | Reached * piety under Nemelex Xobeh
  2617 | D:3      | Received a gift from Nemelex Xobeh
  2617 | D:3      | Reached ** piety under Nemelex Xobeh
  2728 | D:3      | Killed an ice beast
  2729 | D:3      | Reached skill level 1 in Invocations
  2729 | D:3      | Reached XP level 5. HP: 47/47 MP: 4/6
  2995 | D:4      | Found the +7 lajatang of Order {silver, rMut}
  3230 | D:4      | Found a basalt altar of Yredelemnul.
  3526 | D:4      | Found a glowing drain.
  3536 | Sewer    | Entered a sewer
  3713 | Sewer    | Reached skill level 1 in Polearms
  3713 | Sewer    | Reached XP level 6. HP: 55/55 MP: 7/7
  3794 | Sewer    | Reached skill level 5 in Fighting
  4138 | D:4      | Identified the -1 quarterstaff of Pain and Death {vorpal,
                  | *Noise +Blink rC+ Str+3}
  4289 | D:4      | Received a gift from Nemelex Xobeh
  4368 | D:5      | Entered Level 5 of the Dungeon
  4751 | D:5      | Noticed a water moccasin
  4759 | D:5      | Your scales start taking on a lurid green colour.
  4759 | D:5      | Reached XP level 7. HP: 61/61 MP: 9/9
  4759 | D:5      | Gained mutation: Your system is resistant to poisons.
                  | (rPois) [Green Draconian growth]
  4899 | D:5      | Reached *** piety under Nemelex Xobeh
  5310 | D:5      | Reached skill level 6 in Fighting
  5524 | D:2      | Killed Terence
  5525 | D:2      | Reached skill level 5 in Dodging
  5580 | D:2      | Noticed Jessica
  5586 | D:2      | Killed Jessica
  5587 | D:2      | Reached XP level 8. HP: 70/70 MP: 11/11
  5790 | D:2      | Killed Sigmund
  6028 | D:6      | Received a gift from Nemelex Xobeh
  6293 | D:6      | Noticed Eustachio
  6296 | D:6      | Noticed Blork the orc
  6297 | D:6      | Reached skill level 5 in Invocations
  6307 | D:6      | Killed Blork the orc
  6308 | D:6      | Reached skill level 7 in Fighting
  6312 | D:6      | Killed Eustachio
  6423 | D:6      | Reached skill level 5 in Polearms
  6423 | D:6      | Reached XP level 9. HP: 28/79 MP: 13/13
  6735 | D:6      | Found a stormy altar of Qazlal.
  6735 | D:6      | Found a shimmering altar of Xom.
  6735 | D:6      | Found a hide-covered altar of Uskayaw.
  6735 | D:6      | Found a radiant altar of Vehumet.
  6862 | D:7      | Reached **** piety under Nemelex Xobeh
  6871 | D:7      | Received a gift from Nemelex Xobeh
  6975 | D:7      | Received a gift from Nemelex Xobeh
  6992 | D:7      | Noticed Harold
  7009 | D:7      | Killed Harold
  7010 | D:7      | Reached skill level 8 in Fighting
  7431 | D:7      | Noticed Duvessa
  7437 | D:7      | Noticed Dowan
  7444 | D:7      | Killed Duvessa
  7447 | D:7      | Killed Dowan
  7904 | D:7      | Received a gift from Nemelex Xobeh
  7913 | D:7      | Found a staircase to the Ecumenical Temple.
  8379 | D:8      | Found an iron altar of Okawaru.
  8532 | D:8      | Noticed a two-headed ogre
  8546 | D:8      | Killed a two-headed ogre
  8547 | D:8      | Reached XP level 10. HP: 55/90 MP: 15/15
  8730 | D:8      | Received a gift from Nemelex Xobeh
  8771 | D:8      | Noticed Gastronok
  8805 | D:8      | Killed Gastronok
  8806 | D:8      | Reached skill level 9 in Fighting
  8945 | D:8      | Found a blossoming altar of Fedhas.
  9077 | D:8      | Found Xoehih's Jewellery Boutique.
  9081 | D:8      | Reached ***** piety under Nemelex Xobeh
  9396 | D:9      | Found a shadowy altar of Dithmenos.
  9483 | D:9      | Found a staircase to the Orcish Mines.
  9656 | D:9      | Noticed a two-headed ogre
  9662 | D:9      | Killed a two-headed ogre
  9766 | D:9      | Noticed a two-headed ogre
  9782 | D:9      | Killed a two-headed ogre
  9937 | D:9      | Received a gift from Nemelex Xobeh
  9954 | D:9      | Reached skill level 10 in Fighting
 10072 | D:9      | Found a hazy altar of Hepliaklqana.
 10143 | D:9      | Reached XP level 11. HP: 99/99 MP: 17/17
 10182 | D:9      | Got Syown's Guide on Blistering Conjuration
 10226 | D:9      | Found a snail-covered altar of Cheibriados.
 10386 | D:10     | Entered Level 10 of the Dungeon
 10463 | D:10     | Noticed Grum
 10476 | D:10     | Killed Grum
 10483 | D:10     | Noticed a centaur warrior
 10499 | D:10     | Killed a centaur warrior
 10670 | D:10     | Noticed an orc knight
 10670 | D:10     | Noticed a tengu warrior
 11118 | D:9      | Killed a tengu warrior
 11530 | D:10     | Received a gift from Nemelex Xobeh
 11610 | D:10     | Identified the +3 leather armour "Hofy Kah" {rC+ Stlth+}
 11703 | D:10     | Found a glowing golden altar of the Shining One.
 11717 | D:10     | Found an ornate altar of the Wu Jian Council.
 11739 | D:10     | Found a broken altar of Ashenzari.
 11742 | D:10     | Found a shimmering blue altar of Sif Muna.
 11917 | D:10     | Noticed a two-headed ogre
 12258 | D:9      | Gained mutation: Your spells are a little easier to cast,
                  | but a little less powerful. [potion of mutation]
 12641 | D:10     | Reached skill level 10 in Invocations
 12868 | D:10     | Noticed an ogre mage
 12877 | D:10     | Killed an ogre mage
 12878 | D:10     | Reached skill level 11 in Fighting
 12902 | D:10     | Identified the +2 chain mail of Pyrroch {rC+ Dex+4}
 13222 | D:11     | Noticed a two-headed ogre
 13739 | D:11     | Received a gift from Nemelex Xobeh
 13804 | D:11     | Found a staircase to the Lair.
 13831 | D:11     | Reached XP level 12. HP: 75/110 MP: 19/19
 13978 | D:11     | Killed a two-headed ogre
 14018 | D:11     | Found a stormy altar of Qazlal.
 14110 | D:11     | Identified the +3 scale mail "Utzagg" {rC++}
 14565 | D:11     | Noticed a boulder beetle
 14585 | D:11     | Killed a boulder beetle
 14707 | D:11     | Noticed a two-headed ogre
 14717 | D:11     | Killed a two-headed ogre
 14943 | D:11     | Received a gift from Nemelex Xobeh
 15029 | Lair:1   | Entered Level 1 of the Lair of Beasts
 15044 | Lair:1   | Reached skill level 10 in Polearms
 15126 | Lair:1   | Reached skill level 10 in Dodging
 15920 | Lair:1   | Received a gift from Nemelex Xobeh
 16600 | Lair:2   | Noticed Prince Ribbit
 16603 | Lair:2   | Noticed Prince Ribbit
 16603 | Lair:2   | Prince Ribbit changed into Prince Ribbit the killer bee
 16604 | Lair:2   | Reached skill level 12 in Fighting
 16614 | Lair:2   | Killed Prince Ribbit the killer bee
 16796 | Lair:2   | Identified the +1 ring mail "Yfyon" {+Inv Str+4}
 16797 | Lair:2   | Received a gift from Nemelex Xobeh
 17295 | Lair:2   | Received a gift from Nemelex Xobeh
 17518 | Lair:3   | Found a gate leading to a gauntlet.
 17528 | Gauntlet | Entered a Gauntlet
 17528 | Gauntlet | Found a transporter.
 17528 | Gauntlet | Found a transporter.
 17529 | Gauntlet | Reached ****** piety under Nemelex Xobeh
 17536 | Gauntlet | Found a transporter.
 17540 | Gauntlet | Found a transporter.
 17551 | Gauntlet | Found a transporter.
 17552 | Gauntlet | Found a transporter.
 17565 | Gauntlet | Found a transporter.
 17575 | Gauntlet | Found a runed translucent door.
 17576 | Gauntlet | Found a transporter.
 17577 | Gauntlet | Found a runed translucent door.
 17590 | Gauntlet | Found a transporter.
 17594 | Gauntlet | Found a transporter.
 17595 | Gauntlet | Found a runed translucent door.
 17605 | Gauntlet | Found a transporter.
 17606 | Gauntlet | Found a transporter.
 17657 | Gauntlet | Identified the amulet "Eneoq" {RegenMP Fly rCorr Str-3}
 17804 | Gauntlet | Reached XP level 13. HP: 109/119 MP: 21/21
 17964 | Gauntlet | Noticed a minotaur
 17973 | Gauntlet | Killed a minotaur
 18076 | Lair:3   | Found a staircase to the Snake Pit.
 18231 | Lair:3   | Received a gift from Nemelex Xobeh
 19480 | Lair:4   | Noticed Josephine
 19492 | Lair:4   | Killed Josephine
 19755 | Lair:4   | Received a gift from Nemelex Xobeh
 20118 | Lair:4   | Found a staircase to the Swamp.
 20451 | Lair:4   | Reached skill level 13 in Fighting
 21087 | Lair:5   | Received a gift from Nemelex Xobeh
 21971 | Lair:5   | Received a gift from Nemelex Xobeh
 21978 | Lair:5   | Reached skill level 14 in Fighting
 21978 | Lair:5   | Gained mutation: Your tail ends in a poisonous barb. [Green
                  | Draconian growth]
 21978 | Lair:5   | Reached XP level 14. HP: 130/132 MP: 23/23
 22328 | Lair:6   | Entered Level 6 of the Lair of Beasts
 23519 | Lair:6   | Reached XP level 15. HP: 138/138 MP: 15/24
 23581 | Lair:6   | Found a runed translucent door.
 23581 | Lair:6   | Found a viscous altar of Jiyva.
 23582 | Lair:6   | Found a staircase to the Slime Pits.
 25505 | D:10     | Identified the +10 arbalest "Geis Homui" {elec, rN+ Will++}
 25536 | Orc:1    | Entered Level 1 of the Orcish Mines
 25805 | Orc:2    | Entered Level 2 of the Orcish Mines
 26088 | Orc:2    | Found a staircase to the Elven Halls.
 26144 | Orc:2    | Received a gift from Nemelex Xobeh
 26672 | Orc:1    | Noticed an orc warlord
 26680 | Orc:1    | Killed an orc warlord
 27218 | Orc:2    | Found Meogeviu's General Store.
 27505 | Orc:2    | Found Ilusted's Distillery.
 27772 | Orc:2    | Reached skill level 15 in Fighting
 28629 | Orc:2    | Found Piarph's Antique Weapon Shoppe.
 28629 | Orc:2    | Found Koarefi's Jewellery Emporium.
 28630 | Orc:2    | Found a one-way gate leading to the halls of Pandemonium.
 28745 | Orc:2    | Bought a potion of cancellation for 136 gold pieces
 28745 | Orc:2    | Bought a potion of haste for 170 gold pieces
 28745 | Orc:2    | Bought a potion of heal wounds for 85 gold pieces
 28745 | Orc:2    | Bought a potion of might for 68 gold pieces
 28745 | Orc:2    | Bought a potion of cancellation for 136 gold pieces
 28745 | Orc:2    | Bought a potion of curing for 51 gold pieces
 28745 | Orc:2    | Bought a potion of might for 68 gold pieces
 28747 | Orc:2    | Bought a potion of curing for 45 gold pieces
 28747 | Orc:2    | Bought a wand of iceblast (11) for 225 gold pieces
 29160 | D:12     | Found a transporter.
 29162 | D:12     | Received a gift from Nemelex Xobeh
 29232 | D:12     | Noticed Nergalle
 29242 | D:12     | Killed Nergalle
 29254 | D:12     | Found a frozen archway.
 29303 | D:12     | Identified the +4 trident "Inuenilu" {flame, Int+5 Stlth-}
 29318 | D:12     | Found a transporter.
 29366 | D:12     | Found a flickering gateway to a bazaar.
 29372 | Bazaar   | Entered a bazaar
 29372 | Bazaar   | Found Fucvuv's Jewellery Shop.
 29372 | Bazaar   | Found Muvvunue's Magic Scroll Boutique.
 29372 | Bazaar   | Found Kaogel's Weapon Boutique.
 29372 | Bazaar   | Found Eblatsu's Antique Weapon Boutique.
 29372 | Bazaar   | Found Guowni's Armour Boutique.
 29372 | Bazaar   | Found Nareuz's Jewellery Shop.
 29548 | Bazaar   | Bought the ring "Anurur" {rElec rPois Will+ Str+2} for 379
                  | gold pieces
 29552 | Bazaar   | Bought a scroll of enchant weapon for 82 gold pieces
 29552 | Bazaar   | Bought a scroll of blinking for 82 gold pieces
 29552 | Bazaar   | Bought a scroll of teleportation for 33 gold pieces
 29556 | Bazaar   | Bought a +0 cloak for 49 gold pieces
 29740 | D:12     | Found a transporter.
 29744 | D:12     | Noticed lukano's ghost (journeyman MiGl)
 29757 | D:12     | Noticed Maurice
 30285 | D:12     | Killed Maurice
 30326 | D:12     | Found a transporter.
 31317 | Swamp:1  | Entered Level 1 of the Swamp
 32548 | Swamp:1  | Reached skill level 1 in Shields
 32548 | Swamp:1  | Reached XP level 16. HP: 92/149 MP: 26/26
 33207 | Swamp:1  | Identified the +1 flail "Mygoru" {drain, Dex+6}
 33285 | Swamp:1  | Received a gift from Nemelex Xobeh
 34731 | Swamp:2  | Received a gift from Nemelex Xobeh
 36519 | Swamp:3  | Received a gift from Nemelex Xobeh
 36519 | Swamp:3  | Noticed a thorn hunter
 36534 | Swamp:2  | Killed a thorn hunter
 36937 | Swamp:2  | Reached skill level 5 in Stealth
 37655 | Swamp:3  | Reached skill level 5 in Shields
 38201 | Swamp:3  | HP: 2/151 [ghoul (15)]
 40250 | Swamp:3  | Noticed a thorn hunter
 40255 | Swamp:3  | a thorn hunter changed into a shambling mangrove
 40301 | Swamp:3  | Noticed a tentacled monstrosity
 41135 | Swamp:2  | Reached skill level 15 in Invocations
 41402 | Swamp:2  | Reached skill level 16 in Fighting
 41492 | Swamp:3  | Killed a tentacled monstrosity
 42363 | Swamp:3  | Received a gift from Nemelex Xobeh
 42643 | Swamp:4  | Entered Level 4 of the Swamp
 42656 | Swamp:3  | Reached XP level 17. HP: 158/158 MP: 28/28
 42679 | Swamp:3  | HP: 5/158 [barbs]
 43367 | Swamp:3  | Identified the +3 demon trident of Evil {pain, rF+}
 44031 | Swamp:4  | Received a gift from Nemelex Xobeh
 47912 | Swamp:4  | Got a decaying rune of Zot
 48162 | Snake:1  | Entered Level 1 of the Snake Pit
 48712 | Snake:1  | Found Getrav's General Store.
 48715 | Snake:1  | Bought a scroll of enchant armour for 120 gold pieces
 48715 | Snake:1  | Bought a potion of berserk rage for 80 gold pieces
 48715 | Snake:1  | Bought a potion of might for 64 gold pieces
 49213 | Snake:1  | Found Xahygepa's Book Boutique.
 49214 | Snake:1  | Found Onwi's Jewellery Shoppe.
 49215 | Snake:1  | Found Aheq's Book Boutique.
 49758 | Snake:1  | Received a gift from Nemelex Xobeh
 50131 | Snake:1  | Got the Volume of Damaging Changing
 50610 | Snake:2  | Received a gift from Nemelex Xobeh
 50766 | Snake:2  | Reached skill level 15 in Polearms
 52077 | Snake:2  | Found Lelin's General Store.
 52247 | Snake:2  | Found Ytehuet's Jewellery Emporium.
 52277 | Snake:2  | Received a gift from Nemelex Xobeh
 52490 | Snake:3  | Found Rann's Armour Emporium.
 52630 | Snake:3  | Received a gift from Nemelex Xobeh
 52706 | Snake:3  | Reached XP level 18. HP: 168/168 MP: 29/29
 52996 | Snake:3  | Noticed Vashnia
 53069 | Snake:3  | Reached skill level 10 in Shields
 53229 | Snake:3  | Noticed Jorgrun
 53246 | Snake:3  | Killed Jorgrun
 53303 | Snake:3  | Killed Vashnia
 54289 | Snake:4  | Entered Level 4 of the Snake Pit
 54497 | Snake:4  | Received a gift from Nemelex Xobeh
 55097 | Snake:4  | Received a gift from Nemelex Xobeh
 55108 | Snake:4  | Reached skill level 17 in Fighting
 58634 | Snake:4  | Got a serpentine rune of Zot
 59342 | Snake:3  | Bought the +2 cloak of an ossuary {-Cast +Inv Will+} for
                  | 352 gold pieces
 59572 | D:13     | Received a gift from Nemelex Xobeh
 59676 | D:13     | Found an opulent altar of Gozag.
 59772 | D:13     | Received a gift from Nemelex Xobeh
 60631 | D:14     | Received a gift from Nemelex Xobeh
 60701 | D:14     | Reached skill level 10 in Stealth
 61242 | D:14     | Noticed Agnes
 61255 | D:14     | Killed Agnes
 61261 | D:14     | Received a gift from Nemelex Xobeh
 61277 | D:14     | Noticed Louise
 61295 | D:14     | Killed Louise
 61325 | D:14     | Found a gate to the Vaults.
 61458 | D:14     | Reached XP level 19. HP: 113/177 MP: 31/31
 61887 | D:14     | Got the Papyrus of Conjuration and the Volcanoes
 62583 | D:15     | Entered Level 15 of the Dungeon
 62919 | D:15     | Identified a scroll of acquirement
 62982 | D:15     | Acquired a +4 demon trident of electrocution
 63343 | D:15     | Received a gift from Nemelex Xobeh
 63493 | D:15     | Found a staircase to the Depths.
 63939 | Vaults:1 | Entered Level 1 of the Vaults
 63946 | Vaults:1 | Noticed Nikola
 63963 | Vaults:1 | Killed Nikola
 64512 | Vaults:1 | Reached skill level 15 in Dodging
 65251 | Vaults:1 | Reached skill level 18 in Fighting
 65583 | Vaults:1 | Noticed Aizul
 65625 | Vaults:1 | Killed Aizul
 66301 | Vaults:1 | Reached XP level 20. HP: 180/187 MP: 32/32
 66465 | Vaults:1 | Received a gift from Nemelex Xobeh
 66757 | Vaults:1 | Reached skill level 1 in Evocations
 68023 | Vaults:2 | Received a gift from Nemelex Xobeh
 68999 | Vaults:2 | Reached skill level 5 in Evocations
 69787 | Vaults:2 | Received a gift from Nemelex Xobeh
 70940 | Vaults:3 | Reached XP level 21. HP: 195/195 MP: 34/34
 71875 | Vaults:3 | Received a gift from Nemelex Xobeh
 72267 | Vaults:3 | Reached skill level 15 in Shields
 72269 | Vaults:3 | Found a staircase to the Crypt.
 72612 | Vaults:4 | Received a gift from Nemelex Xobeh
 72640 | Vaults:4 | Reached skill level 19 in Fighting
 72745 | Vaults:4 | Found Vamu's Antique Weapon Shop.
 72857 | Vaults:4 | Received a gift from Nemelex Xobeh
 74257 | Vaults:4 | Received a gift from Nemelex Xobeh
 74702 | Depths:1 | Entered Level 1 of the Depths
 75147 | Depths:1 | Reached skill level 10 in Evocations
 75275 | Depths:1 | Received a gift from Nemelex Xobeh
 75618 | Depths:1 | Found a white marble altar of Elyvilon.
 75946 | Depths:1 | Found a gateway to Hell.
 76519 | Depths:2 | Received a gift from Nemelex Xobeh
 77372 | Depths:2 | Reached XP level 22. HP: 206/206 MP: 35/35
 77467 | Depths:2 | Received a gift from Nemelex Xobeh
 77932 | Depths:2 | Received a gift from Nemelex Xobeh
 78298 | Depths:3 | Found Tiatos's Weapon Shop.
 79290 | Depths:3 | Received a gift from Nemelex Xobeh
 79821 | Depths:3 | Found a gateway to a ziggurat.
 80551 | Depths:3 | Gained mutation: Your body sometimes deteriorates upon
                  | taking damage. [a shining eye]
 81137 | Depths:3 | Paralysed by a floating eye for 3 turns
 82027 | Depths:3 | Paralysed by a floating eye for 4 turns
 82125 | Depths:4 | Reached skill level 20 in Fighting
 82490 | Depths:4 | Received a gift from Nemelex Xobeh
 82670 | Depths:4 | Found a blossoming altar of Fedhas.
 82731 | Depths:4 | Found a one-way gate to the infinite horrors of the Abyss.
 83213 | Depths:4 | Received a gift from Nemelex Xobeh
 83587 | Depths:4 | Paralysed by a floating eye for 2 turns
 83621 | Depths:4 | Received a gift from Nemelex Xobeh
 83969 | Depths:4 | Identified the ring of Humpizic {Wiz Fly}
 84224 | Depths:4 | Gained mutation: You do not regenerate when monsters are
                  | visible. [a cacodemon]
 84382 | Depths:5 | Entered Level 5 of the Depths
 84383 | Depths:5 | Noticed a juggernaut
 84411 | Depths:4 | Killed a juggernaut
 84425 | Depths:4 | HP: 6/191 [shadow dragon/bolt of negative energy (30)]
 85012 | Depths:5 | Noticed Saint Roka
 85029 | Depths:5 | Killed Saint Roka
 85570 | Depths:5 | Reached XP level 23. HP: 129/217 MP: 36/36
 87918 | Depths:5 | Paralysed by a floating eye for 4 turns
 88236 | Depths:5 | Found a gate to the Realm of Zot.
 88327 | Depths:5 | Received a gift from Nemelex Xobeh
 88890 | Snake:1  | Bought the ring "Derruuhe" {rC++ AC+4 Stlth+} for 1202 gold
                  | pieces
 89273 | Elf:1    | Entered Level 1 of the Elven Halls
 89517 | Elf:1    | Found Voonenn's General Store.
 89526 | Elf:1    | Bought a scroll of teleportation for 36 gold pieces
 89526 | Elf:1    | Bought a scroll of blinking for 90 gold pieces
 89686 | Elf:1    | Found Lullaid's Antique Weapon Boutique.
 89687 | Elf:1    | Found Xuyxahasiss's Assorted Antiques.
 89845 | Elf:1    | Received a gift from Nemelex Xobeh
 89881 | Elf:1    | Found Cellu Cen's Assorted Antiques.
 89924 | Elf:1    | Found Suicoq's Distillery.
 89952 | Elf:1    | Bought a potion of resistance for 150 gold pieces
 90667 | Elf:2    | Acquired 847 gold pieces
 90786 | Elf:2    | Received a gift from Nemelex Xobeh
 91149 | Elf:2    | Found a runed translucent gate.
 91149 | Elf:2    | Found a runed translucent gate.
 91149 | Elf:2    | Found a runed translucent gate.
 91490 | Elf:2    | Reached skill level 21 in Fighting
 92496 | Elf:3    | Entered Level 3 of the Elven Halls
 92562 | Elf:3    | Received a gift from Nemelex Xobeh
 92835 | Elf:3    | Found a runed translucent gate.
 92836 | Elf:3    | Found a runed translucent gate.
 92837 | Elf:3    | Found a runed translucent gate.
 92846 | Elf:3    | Noticed Ekaitz's ghost (adept MfIE)
 92847 | Elf:3    | Found an iron altar of Okawaru.
 93014 | Elf:3    | Found Yhuqa's Book Emporium.
 93128 | Elf:3    | Received a gift from Nemelex Xobeh
 94545 | Elf:3    | Identified the +8 halberd of the Saviour {vamp, +Rage
                  | Will+}
 94547 | Elf:3    | Identified the +5 quarterstaff "Rusil" {elec, Will+}
 94549 | Elf:3    | Identified the +1 leather armour of Intuition {Drain +Inv
                  | rN+ Dex+7}
 94809 | Elf:3    | Reached XP level 24. HP: 203/221 MP: 37/37
 94879 | Elf:3    | Identified the amulet "Giheulao" {Reflect SH+5 Stlth+}
 96105 | Elf:3    | Paralysed by an air elemental for 1 turns
 96542 | Elf:3    | Identified the +10 chain mail of the Accordion {rN+}
 98359 | Elf:3    | Received a gift from Nemelex Xobeh
 98933 | Elf:1    | Bought a scroll of acquirement for 2028 gold pieces
 98933 | Elf:1    | Acquired a +4 ring of slaying
 99604 | Slime:1  | Entered Level 1 of the Pits of Slime
100310 | Slime:1  | You are sucked into a shaft and drop 1 floor!
101252 | Slime:1  | Received a gift from Nemelex Xobeh
103512 | Slime:5  | Entered Level 5 of the Pits of Slime
103512 | Slime:5  | Received a gift from Nemelex Xobeh
104865 | Slime:5  | Gained mutation: You are frail. (-10% HP) [a shining eye]
106442 | Slime:5  | Noticed the Royal Jelly
108513 | Slime:5  | Noticed a shadow dragon shaped Royal Jelly
108513 | Slime:5  | the Royal Jelly changed into a shadow dragon shaped Royal
                  | Jelly
108516 | Slime:5  | Killed a shadow dragon shaped Royal Jelly
109958 | Slime:5  | Received a gift from Nemelex Xobeh
110373 | Slime:5  | Got the Collected Works on Torrid Dark Secrets
110390 | Slime:5  | Identified the +1 chain mail of Kikubaaqudgha's Pride {rC+
                  | Dex+2}
110392 | Slime:5  | Got a slimy rune of Zot
110404 | Slime:5  | Found the +10 zealot's sword {holy, *Rage rN+ EV+3}
110978 | Zot:1    | Entered Level 1 of the Realm of Zot
112497 | Zot:1    | Reached skill level 22 in Fighting
112504 | Zot:1    | Reached skill level 15 in Evocations
112986 | Zot:1    | Received a gift from Nemelex Xobeh
114686 | Zot:1    | Reached XP level 25. HP: 99/214 MP: 37/37
115012 | Zot:2    | Noticed a Killer Klown
115030 | Zot:1    | Killed a Killer Klown
117799 | Zot:2    | Received a gift from Nemelex Xobeh
117849 | Zot:2    | Identified the +2 demon trident of Untimely Demise {drain,
                  | Dex+2}
120624 | Zot:2    | Identified the +1 long sword of Intuition {vorpal, *Rage
                  | rC+ SInv}
121745 | Zot:2    | Cast into level 3 of the Abyss (red draconian)
122129 | Abyss:3  | Found a corrupted altar of Lugonu.
122178 | Abyss:3  | Got an abyssal rune of Zot
122443 | Abyss:3  | Received a gift from Nemelex Xobeh
122584 | Zot:2    | Escaped the Abyss
124148 | Zot:2    | Acquired 1144 gold pieces
124464 | Zot:2    | Identified the +0 ring mail of the Volcano {Rampage rPois
                  | Regen+}
125606 | Zot:2    | Reached skill level 23 in Fighting
125623 | Zot:3    | Received a gift from Nemelex Xobeh
129169 | Zot:3    | Glimpsed the power of Zot.
129263 | Zot:5    | Entered Level 5 of the Realm of Zot
129340 | Zot:5    | Noticed a Killer Klown
129352 | Zot:5    | Killed a Killer Klown
129463 | Zot:5    | Reached XP level 26. HP: 146/225 MP: 38/38
129756 | Zot:4    | Received a gift from Nemelex Xobeh
129910 | Zot:5    | Noticed an orb of fire
129945 | Zot:5    | Gained mutation: You sometimes lose the ability to read
                  | scrolls when taking damage. [an orb of fire]
129955 | Zot:5    | Killed an orb of fire
130079 | Zot:5    | Noticed an ancient lich
130392 | Zot:5    | Killed an ancient lich
130395 | Zot:5    | Lost mutation: Your spells are a little easier to cast, but
                  | a little less powerful. [potion of mutation]
130395 | Zot:5    | Lost mutation: Your body sometimes deteriorates upon taking
                  | damage. [potion of mutation]
130395 | Zot:5    | Gained mutation: You have a pair of small horns on your
                  | head. [potion of mutation]
130395 | Zot:5    | Gained mutation: Your muscles are strong. (Str +2) [potion
                  | of mutation]
130395 | Zot:5    | Gained mutation: You are resistant to electric shocks.
                  | (rElec) [potion of mutation]
130395 | Zot:5    | Gained mutation: You have sharp toenails. [potion of
                  | mutation]
130396 | Zot:5    | Lost mutation: You are frail. (-10% HP) [potion of
                  | mutation]
130396 | Zot:5    | Lost mutation: You sometimes lose the ability to read
                  | scrolls when taking damage. [potion of mutation]
130396 | Zot:5    | Gained mutation: You sometimes lose the ability to read
                  | scrolls when taking damage. [potion of mutation]
130397 | Zot:5    | Lost mutation: You have a pair of small horns on your head.
                  | [potion of mutation]
130397 | Zot:5    | Lost mutation: You sometimes lose the ability to read
                  | scrolls when taking damage. [potion of mutation]
130397 | Zot:5    | Gained mutation: You are dopey. (Int -2) [potion of
                  | mutation]
130397 | Zot:5    | Gained mutation: You are somewhat resistant to further
                  | mutation. [potion of mutation]
130491 | Zot:5    | Noticed an orb of fire
130502 | Zot:5    | Killed an orb of fire
130843 | Zot:5    | HP: 10/235 [something/bolt of lightning (9)]
131863 | Zot:5    | Noticed an orb of fire
131887 | Zot:5    | Killed an orb of fire
132108 | Zot:5    | Noticed an ancient lich
132326 | Zot:5    | Killed an ancient lich
132793 | Zot:5    | Noticed a dread lich
132837 | Zot:5    | Noticed a dread lich
132854 | Zot:5    | Killed a dread lich
132879 | Zot:5    | Gained mutation: Your body sometimes deteriorates upon
                  | taking damage. [mutagenic glow]
133537 | Zot:5    | Noticed an ancient lich
133553 | Zot:5    | Killed an ancient lich
133554 | Zot:5    | Reached skill level 24 in Fighting
133872 | Zot:5    | Noticed a dread lich
133896 | Zot:5    | Killed a dread lich
133918 | Zot:5    | Noticed an ancient lich
133923 | Zot:5    | Gained mutation: You are clumsy. (Dex -2) [mutagenic glow]
133960 | Zot:5    | Killed an ancient lich
134740 | Zot:5    | Noticed an ancient lich
134777 | Zot:5    | Killed an ancient lich
135324 | Zot:5    | Killed from afar by a Tzitzimitl

Illustrated notes

Levels and vault maps discovered:
D:1:      giann_horns, layout_loops_ring, st_stairs_3, minmay_misc_feat_doors
D:2:      cheibrodos_pilgrimage, layout_basic, minmay_statues_item,
          uniq_sigmund, uniq_terence, uniq_jessica
D:3:      layout_loops_corners, nemelex_spade_bored_becter, uniq_robin
D:4:      layout_basic, kennysheep_mini, gup_sewer_entry_pipe
D:5:      layout_cave_pods
D:6:      layout_gridville, grunt_temple_overflow_cloverleaf,
          chequers_arboretum, grunt_ministairs_15, sword_in_stone
D:7:      layout_loops_ring, minmay_temple_entry_fiery, uniq_harold,
          uniq_duvessa
D:8:      layout_loops_ring, mainiacjoe_overflow_paths, okawaru_metal_pillars_3,
          serial_shops, shop, corexii_checkpoint_a, kennysheep_generic_room_10,
          uniq_gastronok
D:9:      layout_long_grid, slow_altar_2, nicolae_overflow_crystal_walls,
          lemuel_round_altar, worms_lemuel
D:10:     minmay_the_grid_triangle_9x9_recursive_2_mashed
          [minmay_the_grid_triangle_9x9_prize_schism,
          minmay_the_grid_triangle_9x9_alien,
          minmay_the_grid_triangle_9x9_dagger,
          minmay_the_grid_triangle_9x9_minimal], layout_stronghold,
          nicolae_overflow_hidden_temple, lemuel_tele_altar,
          serial_co_window_serial, co_window_paths_b,
          co_window_of_opportunity_a, co_window_of_opportunity_a,
          co_window_of_opportunity_a, co_window_corner_a, co_window_paths_b,
          co_window_corner_a, co_window_corner_a, co_window_cross_1,
          co_window_corner_ca, co_window_corner_b, co_window_corner_cb,
          co_window_of_opportunity_b, co_window_corner_b, co_window_paths_e,
          glass_columns_b, glass_columns_c, glass_columns_c, glass_columns_a,
          glass_columns_b, kennysheep_generic_room_3, uniq_grum
D:11:     layout_long_grid, lair_entry_dummy, grunt_qazlal_clouds
D:12:     gammafunk_beogh_shrine, layout_loops_ring, serial_shops,
          bzr_entry_safe, portal_ice_cave_entry_ice_simulacra,
          gammafunk_ghost_berserking_beasts, uniq_maurice, uniq_nergalle
D:13:     minmay_open_boxes_in_corner, layout_gridville, grunt_gozag_breadcrumbs
D:14:     minmay_spiral_squares, layout_irregular_city, erik_vaults_2,
          kennysheep_crisscross, minmay_misc_feat_rows, uniq_louise, uniq_agnes
D:15:     grunt_enter_depths_snipers, layout_small_grid, chequers_garden
Lair:1:   layout_gridlike
Lair:2:   layout_misc_corridors, grunt_megastairs_1, infiniplex_staircase_pool,
          uniq_prince_ribbit2
Lair:3:   layout_loops_ring, dummy_snake_entry, gauntlet_entry_generic,
          hibernation_bobbens, grunt_megastairs_3, serial_bayou_shore_b,
          minmay_lair_oklob_chamber
Lair:4:   layout_loops_ring, minmay_swamp_entry_wisps, lemuel_old_faithful,
          grunt_megastairs_2, uniq_josephine
Lair:5:   layout_gridlike
Lair:6:   grunt_lair_end_beastmaster, layout_long_grid, slime_altar_2
Swamp:1:  layout_basic_swamp, nicolae_swamp_tree_designs, swamp_pool4,
          nicolae_swamp_alligator_family
Swamp:2:  layout_basic_swamp, evilmike_swamp_ruin_house_5
Swamp:3:  nzn_winding_woodlands_three_and_one
          [nzn_winding_woodlands_5x15_default,
          nzn_winding_woodlands_5x15_sawtooth,
          nzn_winding_woodlands_5x15_longhouse,
          nzn_winding_woodlands_center_pierced_h], layout_basic_swamp,
          evilmike_swamp_ruin_house_6
Swamp:4:  swamp_alternative, layout_basic_swamp, swamp_pool2,
          nicolae_swamp_soggy_hallways
Snake:1:  layout_grid_maze, serial_shops, nicolae_shop_behind_doors,
          lemuel_fruit_tree, minmay_shop_grove
Snake:2:  layout_basic, st_stairs_10, minmay_shoptagon
Snake:3:  layout_layer_cave, serial_shops, nicolae_take_the_stairs,
          serial_bayou_shore_a, serial_bayou_shore_b, uniq_jorgrun, uniq_vashnia
Snake:4:  johnstein_snake_rune_scales, layout_cave_town,
          nicolae_snake_salamander_zone
Slime:1:  layout_caves
Slime:2:  layout_caves
Slime:3:  layout_caves
Slime:4:  layout_caves, cheibrodos_slime_lost_civilization_4
Slime:5
Orc:1:    layout_diamond_mine, basic_altar
Orc:2:    pf_orc_diabolical, layout_diamond_mine
Elf:1:    eino_elf_arrival_sip, layout_loops_corners, serial_shops,
          nicolae_lakefront_shop, shop, shop, nicolae_shop_waterfront, shop,
          minmay_elf_crystal_heptagon
Elf:2:    nicolae_elf_blades_splatter_lattice [nicolae_blade_little_rooms],
          layout_geoelf_diagonals
Elf:3:    minmay_elf_hall_furrowed, layout_geoelf_castle, serial_shops,
          nicolae_shop_statue_plus, gammafunk_ghost_fury_of_okawaru
Vaults:1: dpeg_vaults_pockets_of_resistance, v_alt_pattern_1, v_rooms_3,
          v_misc_8, serial_ice_m, v_misc_16, grunt_vaults_trifunnel,
          ontoclasm_vaults_decontamination, v_misc_33, vaults_room_corners,
          layout_vaults_omnibox, uniq_nikola, uniq_aizul
Vaults:2: hangedman_vaults_snaps, vaults_dpeg_cross,
          nicolae_vaults_ninety_degrees, hangedman_vaults_corner_blocks,
          v_misc_2, v_alt_pattern_6, vaults_room_hangedman_quadrants,
          nicolae_vaults_three_branches, vaults_mumra_hexcomb,
          hangedman_vaults_impose, grunt_vaults_hallway_long,
          vaults_room_hallway, vaults_room_pools, layout_vaults_omnicross
Vaults:3: vaults_room_boxed, v_misc_27, v_misc_2, ontoclasm_vaults_misaligned,
          ontoclasm_vaults_ring_square, hangedman_vaults_trim,
          minmay_crypt_entry_skeletal_spiral, ontoclasm_vaults_shout,
          layout_vaults_omnigrid
Vaults:4: v_rooms_6, nicolae_vaults_quadrants, vaults_room_semicircle,
          hangedman_vaults_restitches, nicolae_vaults_diagonal_hallway_6,
          layout_vaults_chaotic_city, serial_shops, nicolae_shop_behind_doors
Depths:1: layout_gridlike, hangedman_tar_grid_catacomb, minmay_holes,
          nrook_mini_vaults, grunt_ministairs_7, elyvilon_altar_1
Depths:2: kennysheep_six_static_rooms, layout_gridville, hell_entry,
          onia_ninara_dug_in_and_dangerous
Depths:3: evilmike_halls_of_destruction, layout_small_grid, enter_ziggurat_c,
          serial_sigils_hangedman_leer, rand_demon_pan_entry_7, hell_entry,
          serial_shops, nicolae_stop_n_shop_1, kennysheep_generic_room_11,
          minmay_staircase_windowed_small
Depths:4: hangedman_surveillance_ring, layout_cave_shapes,
          minmay_room_of_horrors, rand_demon_pan_entry_9, hell_entry,
          fedhas_altar_1, infiniplex_staircase_river, kennysheep_random_hallway
Depths:5: grunt_twist_and_shout, layout_gridlike, hell_entry, uniq_saint_roka
Zot:1:    layout_gridlike, skrybe_zot_glass_1
Zot:2:    kennysheep_blocky_room, layout_onion, grunt_megastairs_5,
          lemuel_elevator
Zot:3:    layout_misc_corridors
Zot:4:    layout_misc_corridors
Zot:5:    layout_misc_corridors

Skill      XL: |  1  2  3  4  5  6  7  8  9 10 11 12 13 14 15 16 17 18 19 20 21 22 23 24 25 26 |
---------------+-------------------------------------------------------------------------------+-----
Dodging        | 3 4 5 6 7 8 9 10 11 12 13 14 15 16 17 18 19 20 | 20.0
Fighting       | 4 5 6 7 8 10 11 12 14 15 16 17 18 19 20 21 22 23 24 | 24.2
Unarmed Combat | 4 |  4.2
Invocations    | 1 2 4 5 7 8 10 11 12 13 14 15 16 17 18 19 20 21 22 23 | 23.7
Polearms       | 1 2 3 5 6 8 9 10 12 13 14 15 18 | 18.2
Stealth        | 2 7 8 10 12 | 12.4
Shields        | 1 6 9 12 13 14 15 | 15.0
Evocations     | 7 10 12 13 15 | 15.0

Action                   |  1- 3 |  4- 6 |  7- 9 | 10-12 | 13-15 | 16-18 | 19-21 | 22-24 | 25-27 || total
-------------------------+-------+-------+-------+-------+-------+-------+-------+-------+-------++-------
Melee: Unarmed           |   159 |    54 |       |       |       |       |       |       |       ||   213
       Tailslap          |    21 |    15 |    14 |    69 |   180 |   424 |   389 |   364 |   264 ||  1740
       Punch             |     2 |     1 |       |       |     4 |       |       |     3 |       ||    10
       Lajatang          |       |   129 |   157 |   436 |   799 |       |       |   250 |       ||  1771
       Scimitar          |       |       |       |       |    22 |    73 |       |       |       ||    95
       Trident           |       |       |       |       |   106 |  2300 |   173 |       |       ||  2579
       Demon trident     |       |       |       |       |       |       |  1710 |  1921 |  1241 ||  4872
Throw: Throwing net      |       |       |       |     3 |       |     2 |       |     2 |     2 ||     9
       Javelin           |       |       |       |       |    14 |    75 |     4 |    82 |    25 ||   200
Invok: Draw Destruction  |       |     3 |     4 |    14 |    24 |    34 |    20 |    36 |    35 ||   170
       Draw Summoning    |       |     1 |     2 |    11 |     3 |    14 |     7 |    14 |    11 ||    63
       Draw Escape       |       |       |       |     3 |       |     1 |       |       |       ||     4
       Triple Draw       |       |       |       |     2 |       |       |       |       |     2 ||     4
       Stack Five        |       |       |       |       |     1 |       |       |       |       ||     1
       Deal Four         |       |       |       |       |     1 |       |     1 |     1 |     2 ||     5
       Draw Stack        |       |       |       |       |     1 |     3 |       |     1 |       ||     5
 Abil: Breathe Noxious F |       |       |    13 |    25 |    48 |    15 |     6 |    15 |     1 ||   123
Evoke: Wand              |       |     6 |       |     6 |    29 |    31 |       |    25 |    17 ||   114
       Condenser vane    |       |       |       |       |       |     3 |     9 |     6 |     4 ||    22
       Tin of tremorston |       |       |       |       |       |       |       |     3 |     5 ||     8
  Use: Scroll            |       |     2 |     6 |    12 |     9 |    22 |    12 |    18 |    12 ||    93
       Potion            |       |       |       |     7 |     8 |     7 |     3 |     7 |    27 ||    59
 Stab: Sleeping          |     6 |     8 |     1 |     6 |       |    14 |    39 |    42 |     1 ||   117
       Confused          |       |       |     4 |     5 |    22 |    11 |    16 |     8 |       ||    66
       Distracted        |       |       |       |       |     1 |    10 |    10 |    10 |     7 ||    38
       Held in net/web   |       |       |       |       |       |     1 |       |     1 |       ||     2
       Petrified         |       |       |       |       |       |       |     6 |     3 |     3 ||    12
       Paralysed         |       |       |       |       |       |       |       |       |     7 ||     7
       Petrifying        |       |       |       |       |       |       |       |       |     1 ||     1
Armor: Skin              |    43 |    72 |    53 |   175 |   251 |   456 |   255 |   438 |   234 ||  1977
Dodge: Dodged            |    80 |   138 |   158 |   467 |   827 |   772 |   389 |   784 |   379 ||  3994
Block: Other             |       |       |       |    97 |   214 |       |       |       |       ||   311
       Kite shield       |       |       |       |       |    17 |  1502 |       |       |       ||  1519
       Reflection        |       |       |       |       |     4 |   110 |    86 |    88 |    19 ||   307
       Tower shield      |       |       |       |       |       |    66 |  1741 |  1710 |   982 ||  4499
       Rpst.: Scimitar   |       |       |       |       |     3 |     5 |       |       |       ||     8
